 Dungeon Crawl Stone Soup version 0.30-b1-2-g02819fbbbe (webtiles) character file.

Game seed: 12594403876097852907

30016 Ashen the Fighter (level 13, 0/136 (141) HPs)
             Began as an Ogre Summoner on Aug 8, 2023.
             Was a High Priest of Sif Muna.
             Slain by an orc sorcerer
             ... wielding a +0 dagger
              (11 damage)
             ... on level 2 of the Orcish Mines.
             The game lasted 01:25:13 (15914 turns).

Ashen the Fighter (Ogre Summoner)                  Turns: 15914, Time: 01:25:14

HP:   0/136 (141)   AC:  2    Str: 19    XL:     13   Next: 49%
MP:   1/28          EV: 11    Int: 18    God:    Sif Muna [*****.]
Gold: 742           SH:  0    Dex:  9    Spells: 2/34 levels left

rFire   . . .        Q - +5 giant spiked club
rCold   . . .        (shield currently unavailable)
rNeg    + . .        k - quicksilver dragon scales "Nokhuep" {rElec rN+ Will+ Str+2}
rPois   .            G - +2 hat
rElec   +            s - +1 cloak
rCorr   .            (gloves unavailable)
SInv    .            (boots unavailable)
Will    +++..        E - amulet of regeneration
Stlth   +            c - ring of willpower
HPRegen 1.22/turn    O - +4 ring of protection
MPRegen 0.21/turn

%: no passive effects
@: corroded, very slightly contaminated, lightly drained
A: large, unfitting armour, tough skin 1
a: Renounce Religion, Channel Magic, Forget Spell, Divine Exegesis


You were on level 2 of the Orcish Mines.
You worshipped Sif Muna.
Sif Muna was extremely pleased with you.
You visited 4 branches of the dungeon, and saw 15 of its levels.
You also visited: Sewer.

You collected 1552 gold pieces.
You spent 810 gold pieces at shops.

Inventory:

Hand Weapons
 a - a +2 whip of venom
 h - a +3 dagger of venom
 C - a +2 flail of holy wrath
 Q - a +5 giant spiked club (weapon)
Missiles
 H - a throwing net
Armour
 k - the quicksilver dragon scales "Nokhuep" (worn) {rElec rN+ Will+ Str+2}
   (You acquired it on level 4 of the Dungeon)

   Str:       It affects your strength (+2).
   rElec:     It insulates you from electricity.
   rN:        It protects you from negative energy.
   Will:      It increases your willpower.
 s - a +1 cloak (worn)
 G - a +2 hat (worn)
Jewellery
 c - a ring of willpower (left hand)
 E - an amulet of regeneration (around neck)
 O - a +4 ring of protection (right hand)
Wands
 g - a wand of acid (5)
 v - a wand of roots (7)
 J - a wand of digging (2)
Scrolls
 d - 4 scrolls of enchant armour
 e - 2 scrolls of identify
 j - 9 scrolls of teleportation
 m - 3 scrolls of vulnerability
 p - a scroll of poison
 q - a scroll of silence
 u - a scroll of amnesia
 x - 2 scrolls of immolation
 B - a scroll of magic mapping
 D - 2 scrolls of summoning
 M - a scroll of torment
 P - a scroll of acquirement
Potions
 b - a potion of magic
 f - 9 potions of brilliance
 i - 7 potions of curing
 l - a potion of heal wounds
 o - 4 potions of ambrosia
 r - a potion of attraction
 t - 2 potions of might
 w - 2 potions of mutation
 z - 3 potions of lignification
 A - a potion of resistance
 F - a potion of berserk rage
 K - 6 potions of haste
 L - a potion of flight


   Skills:
 + Level 12.7 Fighting
 + Level 9.1 Maces & Flails
 + Level 9.3 Dodging
 - Level 1.5 Stealth
 + Level 11.2 Spellcasting
 - Level 5.0 Hexes
 + Level 9.9 Summonings


You had 2 spell levels left.
You knew the following spells:

 Your Spells              Type           Power      Damage    Failure   Level
a - Monstrous Menagerie   Summ           22%        N/A       87%         7
b - Call Imp              Summ           90%        N/A       1%          2
c - Call Canine Familiar  Summ           45%        N/A       1%          3
d - Summon Guardian Gole  Hex/Summ       37%        N/A       1%          3
e - Blink                 Tloc           20%        N/A       19%         2
f - Summon Ice Beast      Ice/Summ       28%        N/A       16%         4
g - Summon Mana Viper     Hex/Summ       37%        N/A       16%         5
h - Summon Cactus Giant   Summ           22%        N/A       32%         6

Your spell library contained the following spells:

 Spells                   Type           Power      Damage    Failure   Level
 Summon Small Mammal      Summ           100%       N/A       1%          1
 Beastly Appendage        Tmut           20%        N/A       12%         1
 Cigotuvi's Dreadful Rot  Necr/Pois/Air  20%        N/A       19%         2
 Wereblood                Tmut           10%        N/A       19%         2
 Tukima's Dance           Hex            28%        N/A       4%          3
 Dazzling Flash           Conj/Hex       38%        N/A       13%         3
 Summon Lightning Spire   Summ/Air       28%        N/A       16%         4
 Frozen Ramparts          Ice            20%        1d4       36%         3
 Ignite Poison            Fire/Tmut/Pois 10%        N/A       36%         3
 Spider Form              Tmut/Pois      10%        N/A       36%         3
 Vhi's Electric Charge    Tloc/Air       20%        N/A       36%         3
 Volatile Blastmotes      Fire/Tloc      20%        2d11      36%         3
 Summon Forest            Summ/Tloc      14%        N/A       41%         5
 Animate Dead             Necr           10%        N/A       77%         4
 Ice Form                 Ice/Tmut       10%        N/A       77%         4
 Iskenderun's Mystic Bla  Conj/Tloc      10%        2d4       77%         4
 Manifold Assault         Tloc           10%        N/A       77%         4
 Passage of Golubria      Tloc           10%        N/A       77%         4
 Metabolic Englaciation   Hex/Ice        9%         N/A       77%         5
 Yara's Violent Unravell  Hex/Tmut       9%         3d6       77%         5
 Alistair's Intoxication  Tmut/Pois      6%         N/A       98%         5
 Arcjolt                  Conj/Air       5%         1d15      98%         5
 Borgnjor's Vile Clutch   Necr/Erth      5%         N/A       98%         5
 Freezing Cloud           Conj/Ice/Air   5%         6-21      98%         5
 Death Channel            Necr           5%         N/A       100%        6
 Eringya's Noxious Bog    Tmut/Pois      5%         N/A       100%        6
 Plasma Beam              Fire/Air       5%         2x1d17    100%        6
 Simulacrum               Ice/Necr       5%         N/A       100%        6
 Starburst                Conj/Fire      5%         6d4       100%        6
 Storm Form               Tmut/Air       5%         N/A       100%        7


Dungeon Overview and Level Annotations

Branches:
Dungeon (10/15)            Temple (1/1) D:7            Lair (2/5) D:8
    Orc (2/2) D:9             Elf (0/3) Orc:2         Sewer (visited)
  Swamp: Lair:2-3    Shoals: Lair:2-3     Snake: Lair:2-3    Spider: Lair:2-3

Altars:
Ashenzari
Cheibriados
Dithmenos
Elyvilon
Fedhas
Gozag
Hepliaklqana
Kikubaaqudgha
Makhleb
Nemelex Xobeh
Okawaru
Qazlal
Ru
Sif Muna
Trog
Uskayaw
Vehumet
Wu Jian
Xom
Yredelemnul
Zin
The Shining One

Shops:
D:2 ![[   D:3 :   D:5 [   D:9 (   D:10 [   Orc:2 *!

Portals:
Abyss: Lair:2

Annotations:
D:6 2 transporters, Boubouet's ghost, novice TrBe
Lair:2 2 transporters, Katharsis's ghost, journeyman GnHu


Innate Abilities, Weirdness & Mutations

You are too large for most types of armour.
You have tough skin. (AC +1)


Message History

The orc sorcerer no longer looks unusually strong.
The orc sorcerer hits you with a +0 dagger.
* * * LOW HITPOINT WARNING * * *
The orc knight roars a battlecry!
The orc sorcerer goes into a battle-frenzy!
The rust devil closely misses you. The nameless horror closely misses you.
You feel much better.
The orc sorcerer hits you with a +0 dagger.
* * * LOW HITPOINT WARNING * * *
The orc knight hits you with a +3 battleaxe.
* * * LOW HITPOINT WARNING * * *
The rust devil hits you.
* * * LOW HITPOINT WARNING * * *
The rust devil corrodes you!
The nameless horror hits you but does no damage.
You feel much better.
The rust devil disappears in a puff of smoke!
The orc sorcerer hits you with a +0 dagger.
The orc knight hits you with a +3 battleaxe!!
* * * LOW HITPOINT WARNING * * *
The nameless horror hits you.
* * * LOW HITPOINT WARNING * * *
You feel your power leaking away.
You feel much better.
The orc sorcerer mumbles some strange words.
The orc knight hits you with a +3 battleaxe!!
* * * LOW HITPOINT WARNING * * *
The nameless horror completely misses you.
You miss the orc sorcerer.
The orc sorcerer is almost dead.
The orc sorcerer gestures at you while chanting.
The bolt of negative energy hits you! You partially resist.
You feel drained.
* * * LOW HITPOINT WARNING * * *
The bolt of negative energy hits the nameless horror.
The nameless horror completely resists.
The orc knight closely misses you. The nameless horror hits you!!
* * * LOW HITPOINT WARNING * * *
You feel your power leaking away.
The orc sorcerer hits you with a +0 dagger!
You die...

........)..###.#)#
..........###..3##
...........###o#§## #.
............###...## #...
.............###.3.## ##...##
..........##..###...## ##...###
..........###).###..)## ##...###.
...........###)X###...###...###..
............###o@##)...#)...##.)#
.............###)o#.#.).))#.#..##
..............###.4.......)...##
...............###...#.#.#...##
................###.........##
.................###..#.#..##
.................^###.....##
.................#.###∩.∩##
....................###.##


You could see an orc knight, a nameless horror, a chaos spawn (summoned) and an
orc sorcerer (strong).

Vanquished Creatures
  Jorgrun (Orc:2)
  A catoblepas (D:10)
  3 death yaks (Lair:2)
  An orc high priest (Orc:2)
  An ugly thing (D:10)
  A black mamba (Lair:1)
  5 elephants (Lair:2)
  Maggie (Lair:2)
  A rime drake (Lair:1)
  2 cane toads
  6 komodo dragons
  4 trolls
  4 nameless horrors
  2 wyverns
  5 wraiths
  Grum (D:8)
  14 yaks
  Menkaure (D:7)
  5 water moccasins
  17 orc warriors
  2 ice beasts (D:7)
  6 wolves
  4 ogres
  4 centaurs
  2 kobold brigands (D:9)
  A phantom (D:7)
  10 bullfrogs
  A gnoll sergeant (D:6)
  2 scorpions
  8 wights
  13 killer bees
  14 orc priests
  3 gnoll boudas
  4 hounds
  Natasha (D:3)
  4 iguanas
  9 orc wizards
  16 gnolls
  9 adders
  A shadow imp (D:7)
  A white imp (D:5)
  2 ufetubi
  3 dart slugs
  26 orcs
  7 endoplasms
  8 giant cockroaches
  4 goblins
  4 hobgoblins
  4 jackals
  7 quokkas
  9 ball pythons
  5 bats
  5 frilled lizards
  15 kobolds
  6 rats
296 creatures vanquished.

Vanquished Creatures (collateral kills)
  Gastronok (Lair:1)
  Josephine (Orc:2)
  A hydra (Lair:1)
  A death yak (Lair:2)
  An orc high priest (Orc:2)
  3 orc knights (Orc:2)
  An orange demon (Orc:2)
  A smoke demon (Orc:2)
  Sigmund (D:3)
  A basilisk (Lair:2)
  2 water moccasins (Lair:2)
  7 orc warriors (Orc:2)
  An ice beast (D:5)
  An ogre (D:4)
  A bullfrog (Lair:2)
  A scorpion (D:6)
  2 killer bees
  A jelly (D:4)
  5 orc priests (Orc:2)
  Natasha (twice) (D:3)
  An iguana (D:5)
  3 orc wizards
  10 gnolls
  2 adders (D:4)
  A dart slug (D:4)
  9 orcs
  An endoplasm (D:1)
  A giant cockroach (D:1)
  2 goblins
  2 jackals (D:4)
  A kobold (D:9)
  3 ball pythons
  A bat (D:1)
  3 frilled lizards
75 creatures vanquished.

Vanquished Creatures (others)
  2 two-headed ogres
  Lodul (D:10)
  A troll (D:10)
  A shadow (D:10)
  A water moccasin (Lair:2)
  Pargi (Sewer)
  5 ogres (D:10)
  An orc wizard (Orc:2)
  14 fungi
  15 plants
  4 toadstools (D:1)
46 creatures vanquished.

Grand Total: 417 creatures vanquished

Notes
Turn   | Place    | Note
-------+----------+-------------------------------------------
     0 | D:1      | Ashen the Ogre Summoner began the quest for the Orb.
     0 | D:1      | Reached XP level 1. HP: 16/16 MP: 3/3
   368 | D:1      | Reached XP level 2. HP: 26/26 MP: 1/5
   433 | D:1      | Learned a level 2 spell: Call Imp
   484 | D:1      | Reached skill level 1 in Fighting
   719 | D:1      | Reached XP level 3. HP: 33/33 MP: 7/7
  1088 | D:1      | Learned a level 3 spell: Call Canine Familiar
  1115 | D:2      | Found Uphin's Distillery.
  1124 | D:2      | Bought a potion of curing for 36 gold pieces
  1124 | D:2      | Bought a potion of heal wounds for 60 gold pieces
  1205 | D:2      | Found a faded altar of an unknown god.
  1554 | D:2      | Found Ticw's Antique Armour Shop.
  1696 | D:2      | Found Aseutop's Antique Armour Shoppe.
  1818 | D:3      | Found Req Gauf's Book Shop.
  1865 | D:3      | Reached skill level 1 in Maces & Flails
  1865 | D:3      | Reached XP level 4. HP: 42/42 MP: 8/8
  1920 | D:3      | Learned a level 3 spell: Summon Guardian Golem
  2098 | D:3      | Reached skill level 2 in Fighting
  2210 | D:3      | Noticed Sigmund
  2320 | D:3      | Killed Sigmund
  2321 | D:3      | Reached skill level 3 in Fighting
  2321 | D:3      | Reached XP level 5. HP: 53/53 MP: 1/10
  2321 | D:3      | Reached XP level 6. HP: 61/61 MP: 1/11
  2550 | D:3      | Found an opulent altar of Gozag.
  2641 | D:3      | Noticed Natasha
  3079 | D:3      | Killed Natasha
  3265 | D:3      | Found an opulent altar of Gozag.
  3370 | D:3      | Noticed Natasha
  3380 | D:3      | Killed Natasha
  3457 | D:3      | Found Req Gauf's Book Shop.
  3489 | D:3      | Noticed Natasha
  3494 | D:3      | Killed Natasha
  3641 | D:4      | Identified a scroll of acquirement
  3641 | D:4      | Acquired the quicksilver dragon scales "Nokhuep" {rElec rN+
                  | Will+ Str+2}
  3653 | D:4      | Reached XP level 7. HP: 51/68 MP: 8/13
  3723 | D:4      | Found a glowing drain.
  3747 | Sewer    | Entered a sewer
  3782 | Sewer    | Noticed Pargi
  3804 | Sewer    | Killed Pargi
  3805 | Sewer    | Reached skill level 4 in Fighting
  4364 | D:4      | Learned a level 2 spell: Blink
  4655 | D:4      | Reached skill level 5 in Summonings
  4736 | D:5      | Entered Level 5 of the Dungeon
  4743 | D:5      | Reached XP level 8. HP: 79/79 MP: 9/15
  4755 | D:5      | Reached skill level 5 in Fighting
  4755 | D:5      | Reached skill level 5 in Spellcasting
  4880 | D:5      | Found Tuivoes's Armour Boutique.
  5130 | D:5      | Bought a +2 hat for 192 gold pieces
  6036 | D:6      | Reached skill level 6 in Fighting
  6137 | D:6      | Found a bloodstained altar of Trog.
  6245 | D:6      | Reached XP level 9. HP: 86/89 MP: 17/17
  6333 | D:6      | Found a transporter.
  6342 | D:6      | Found a transporter.
  6474 | D:6      | Noticed Boubouet's ghost (novice TrBe)
  6703 | D:7      | Reached skill level 5 in Dodging
  6844 | D:7      | Found a staircase to the Ecumenical Temple.
  6864 | Temple   | Entered the Ecumenical Temple
  6873 | Temple   | Became a worshipper of Sif Muna the Loreminder
  7213 | D:7      | Noticed Menkaure
  7223 | D:7      | Reached skill level 7 in Fighting
  7225 | D:7      | Killed Menkaure
  7356 | D:8      | Reached skill level 5 in Maces & Flails
  7657 | D:8      | Found a staircase to the Lair.
  7658 | D:8      | Noticed a komodo dragon
  7688 | D:8      | Killed a komodo dragon
  8480 | D:9      | Reached XP level 10. HP: 57/104 MP: 17/20
  8573 | D:9      | Reached skill level 8 in Fighting
  8715 | D:9      | Reached * piety under Sif Muna
  8807 | D:9      | Found Jahoewen's Weapon Boutique.
  8896 | D:9      | Found a staircase to the Orcish Mines.
  8971 | D:9      | Noticed Grum
  9066 | D:8      | Killed Grum
  9303 | D:9      | Noticed a two-headed ogre
  9337 | D:9      | Killed a two-headed ogre
  9338 | D:9      | Reached skill level 9 in Fighting
  9486 | D:9      | Found a glowing silver altar of Zin.
  9706 | D:10     | Entered Level 10 of the Dungeon
  9710 | D:10     | Identified the +4 dagger of Bodily Harmony {protect, rElec
                  | Dex+3}
  9778 | D:10     | Found a white marble altar of Elyvilon.
  9783 | D:10     | Found a glowing golden altar of the Shining One.
  9789 | D:10     | Found Falo's Armour Shop.
  9789 | D:10     | Noticed a green ugly thing
  9799 | D:10     | Noticed a two-headed ogre
  9819 | D:10     | Killed a green ugly thing
  9834 | D:10     | Reached ** piety under Sif Muna
  9847 | D:10     | Reached XP level 11. HP: 111/115 MP: 8/23
 10134 | D:10     | Killed a two-headed ogre
 10305 | D:10     | Noticed Lodul
 10325 | D:10     | Killed Lodul
 10326 | D:10     | Reached skill level 10 in Fighting
 10826 | D:10     | Noticed a catoblepas
 10856 | D:10     | Killed a catoblepas
 11080 | D:10     | Identified the amulet "Tankeni" {Faith Harm}
 11296 | D:3      | Bought a book of Beasts for 418 gold pieces
 11301 | D:3      | Learned a level 4 spell: Summon Ice Beast
 11307 | D:3      | Learned a level 5 spell: Summon Mana Viper
 11394 | Lair:1   | Entered Level 1 of the Lair of Beasts
 11510 | Lair:1   | Noticed a six-headed hydra
 11523 | Lair:1   | Killed a six-headed hydra
 11524 | Lair:1   | Reached skill level 1 in Hexes
 11651 | Lair:1   | Reached *** piety under Sif Muna
 12072 | Lair:1   | Noticed a nameless horror
 12082 | Lair:1   | Killed a nameless horror
 12320 | Lair:1   | Noticed Gastronok
 12332 | Lair:1   | Killed Gastronok
 12333 | Lair:1   | Reached XP level 12. HP: 128/128 MP: 6/25
 12581 | Lair:1   | Reached skill level 11 in Fighting
 12748 | Lair:2   | Identified the +3 ring mail of the Sky {rPois Will+}
 12749 | Lair:2   | Found a transporter.
 12932 | Lair:2   | Noticed Katharsis's ghost (journeyman GnHu)
 12936 | Lair:2   | Noticed a death yak
 12942 | Lair:2   | Noticed a death yak
 12943 | Lair:2   | Noticed a death yak
 12943 | Lair:2   | Killed a death yak
 12944 | Lair:2   | Noticed a death yak
 12954 | Lair:2   | Noticed a thrashing horror
 13022 | Lair:2   | Killed a death yak
 13170 | Lair:2   | Found the +8 demon trident "Rift" {distort, reach+}
 13175 | Lair:2   | Found a transporter.
 13175 | Lair:2   | Noticed a tentacled starspawn
 13235 | Lair:2   | Found a one-way gate to the infinite horrors of the Abyss.
 13330 | Lair:2   | Noticed Maggie
 13339 | Lair:2   | Killed Maggie
 13340 | Lair:2   | Reached skill level 10 in Spellcasting
 13638 | Lair:2   | Killed a death yak
 13642 | Lair:2   | Killed a death yak
 13643 | Lair:2   | Reached skill level 5 in Hexes
 13802 | Lair:2   | Found a transporter.
 14049 | Lair:2   | Found a transporter.
 14053 | Lair:2   | Found a one-way gate to the infinite horrors of the Abyss.
 14379 | Orc:1    | Entered Level 1 of the Orcish Mines
 14505 | Orc:2    | Entered Level 2 of the Orcish Mines
 14518 | Orc:2    | Found a staircase to the Elven Halls.
 14535 | Orc:2    | Reached **** piety under Sif Muna
 14611 | Orc:2    | Noticed Jorgrun
 14619 | Orc:2    | Killed Jorgrun
 14620 | Orc:2    | Reached skill level 12 in Fighting
 14620 | Orc:2    | Reached XP level 13. HP: 118/140 MP: 8/27
 14682 | Orc:2    | Noticed Josephine
 14692 | Orc:2    | Killed Josephine
 14769 | Orc:2    | Learned a level 7 spell: Monstrous Menagerie
 15009 | Orc:2    | Reached ***** piety under Sif Muna
 15387 | Orc:2    | Received a gift from Sif Muna
 15388 | Orc:2    | Got Sif Muna's Compilation of Productive Congelation {god
                  | gift}
 15396 | Orc:2    | Learned a level 6 spell: Summon Cactus Giant
 15547 | Orc:2    | Found Tophorez's General Store.
 15550 | Orc:2    | Found Macw's Distillery.
 15569 | Orc:2    | Bought a scroll of teleportation for 54 gold pieces
 15571 | Orc:2    | Bought a potion of heal wounds for 50 gold pieces
 15914 | Orc:2    | Slain by an orc sorcerer

Illustrated notes

Levels and vault maps discovered:
D:1:      nzn_arrival_crosshair, layout_basic, minmay_gold_behind_fungi,
          serial_bayou_ford_a, minivault_19, st_stairs_10, moated_statue
D:2:      layout_basic, ebering_ecumenical_altar_rust, serial_shops,
          nicolae_shop_peninsula, shop, nicolae_shop_tiny_real_fake_doors
D:3:      layout_rooms, nicolae_overflow_hidden_temple, serial_shops,
          shop_fountains, hangedman_abyss_or_decor_stabs, uniq_sigmund,
          uniq_natasha
D:4:      layout_rooms, gup_sewer_entry_glass, minmay_fractal_squares_gapless_5
D:5:      layout_cave_pools, serial_shops, nicolae_shop_window_shopping,
          grunt_decor_mini_mirrors, kennysheep_path_1
D:6:      layout_rooms, trog_book, gammafunk_ghost_smash
D:7:      layout_loops_ring, minmay_temple_entry_glass, uniq_menkaure
D:8:      layout_loops_corners, david_lair_shrubbed
D:9:      layout_basic, zin_statuary, orc_david_3, st_stairs_1, uniq_grum
D:10:     layout_basic, grunt_temple_overflow_open, serial_shops,
          nicolae_shop_just_a_little_nook, nicolae_sextant,
          hangedman_decor_peaks_small, uniq_lodul
Temple:   sentei_temple_godly_chess
Lair:1:   layout_regular_city, uniq_gastronok
Lair:2:   layout_concentric_octagons, gammafunk_ghost_abyssal_escape,
          grunt_megastairs_4, infiniplex_staircase_pool, uniq_maggie
Orc:1:    layout_caves
Orc:2:    pf_orc_diabolical, layout_diamond_mine, uniq_jorgrun, uniq_josephine

Skill      XL: |  1  2  3  4  5  6  7  8  9 10 11 12 13 |
---------------+----------------------------------------+-----
Fighting       | 1 3 4 6 7 9 10 12 | 12.7
Dodging        | 2 3 4 5 6 8 9 |  9.3
Spellcasting   | 3 4 5 7 8 9 10 11 | 11.2
Maces & Flails | 1 2 3 4 5 6 7 8 9 |  9.1
Summonings     | 4 5 6 7 8 9 |  9.9
Hexes          | 3 5 |  5.0
Stealth        | |  1.5

Action                     |  1- 3 |  4- 6 |  7- 9 | 10-12 | 13-15 || total
---------------------------+-------+-------+-------+-------+-------++-------
  Melee: Hand axe          |    13 |       |       |       |       ||    13
         Unarmed           |     7 |       |       |       |       ||     7
         Punch             |     1 |       |     5 |     4 |       ||    10
         Dagger            |    75 |    72 |   291 |       |       ||   438
         Flail             |       |       |    71 |   113 |       ||   184
         Whip              |       |       |       |   163 |       ||   163
         Giant spiked club |       |       |       |   236 |   192 ||   428
   Cast: Summon Small Mamm |    11 |     3 |     2 |       |       ||    16
         Call Imp          |     6 |    13 |    16 |     8 |     1 ||    44
         Call Canine Famil |       |    10 |    26 |    34 |     1 ||    71
         Summon Guardian G |       |       |     3 |    21 |       ||    24
         Blink             |       |       |       |     2 |     1 ||     3
         Summon Ice Beast  |       |       |       |    14 |     2 ||    16
         Summon Mana Viper |       |       |       |     8 |     2 ||    10
         Summon Cactus Gia |       |       |       |       |     8 ||     8
  Evoke: Wand              |       |       |     1 |     5 |       ||     6
    Use: Scroll            |       |     6 |       |    30 |     1 ||    37
         Potion            |       |       |     1 |       |     7 ||     8
   Stab: Distracted        |     2 |       |     4 |     2 |     1 ||     9
         Sleeping          |     4 |     3 |       |       |       ||     7
 Armour: Robe              |    23 |    17 |    22 |       |       ||    62
         Quicksilver drago |       |       |   197 |   425 |   228 ||   850
  Dodge: Dodged            |    39 |    57 |   172 |   409 |   159 ||   836
